 Dungeon Crawl Stone Soup version 0.31.0-1-g2c135a0 (webtiles) character file.

Game seed: 12554807790567528796

126 daniil the Grave Robber (level 4, -1/30 HPs)
             Began as a Demonspawn Necromancer on Apr 4, 2024.
             Slain by an iguana (9 damage)
             ... on level 4 of the Dungeon.
             The game lasted 00:33:06 (2894 turns).

daniil the Grave Robber (Demonspawn Necromancer)    Turns: 2894, Time: 00:33:07

Health: -1/30      AC:  3    Str:  8    XL:     4   Next: 84%
Magic:  1/8        EV: 12    Int: 18    God:
Gold:   109        SH:  0    Dex: 19    Spells: 2/8 levels left

rFire   . . .        s - +4 dagger
rCold   . . .        (no shield)
rNeg    . . .        g - +0 leather armour
rPois   .            (no helmet)
rElec   .            (no cloak)
rCorr   .            (no gloves)
SInv    .            (no boots)
Will    .....        (no amulet)
Stlth   ++           n - +6 ring of dexterity
HPRegen 0.25/turn    (no ring)
MPRegen 0.11/turn

%: no passive effects
@: animating dead
A: demonic guardian 1
a: no special abilities


You were on level 4 of the Dungeon.
You visited 1 branch of the dungeon, and saw 4 of its levels.

You collected 109 gold pieces.

Inventory:

Hand Weapons
 c - a +0 short sword
 s - a +4 dagger (weapon)
Missiles
 f - an atropa-tipped dart (quivered)
 l - a throwing net
Armour
 a - a +0 robe
 g - a +0 leather armour (worn)
Magical Staves
 h - a staff of air
Jewellery
 n - a +6 ring of dexterity (left hand)
Wands
 m - a wand of digging (6)
Potions
 b - a potion of magic
 d - 2 potions of cancellation
 e - 2 potions of heal wounds
 i - 2 potions of lignification
 k - a potion of curing {unknown}
 o - a potion of attraction {unknown}
 p - a potion of brilliance {unknown}
 q - a potion of invisibility {unknown}


   Skills:
 + Level 2.7 Dodging
 + Level 2.9 Stealth
 + Level 2.9 Spellcasting
 + Level 5.1 Necromancy


You had 2 spell levels left.
You knew the following spells:

 Your Spells              Type           Power      Damage    Failure   Level
a - Necrotise             Necr           84%        1d8       3%          1
b - Magic Dart            Conj           8%         1d3       24%         1
c - Animate Dead          Necr           21%        N/A       28%         4

Your spell library contained the following spells:

 Spells                   Type           Power      Damage    Failure   Level
 Apportation              Tloc           4%         N/A       24%         1
 Sting                    Conj/Alch      8%         1d3       24%         1
 Summon Small Mammal      Summ           8%         N/A       24%         1
 Blink                    Tloc           4%         N/A       36%         2
 Call Imp                 Summ           4%         N/A       36%         2
 Lesser Beckoning         Tloc           4%         N/A       36%         2
 Momentum Strike          Conj/Tloc      4%         3d8       36%         2
 Vampiric Draining        Necr           21%        2d7       9%          3
 Gell's Gravitas          Tloc           2%         N/A       58%         3
 Teleport Other           Tloc           2%         N/A       58%         3
 Curse of Agony           Necr           21%        N/A       63%         5


Dungeon Overview and Level Annotations

Branches:
Dungeon (4/15)
 Temple: D:4-7

Altars:
Hepliaklqana
Sif Muna
Wu Jian

Shops:
D:2 (   D:3 (==


Innate Abilities, Weirdness & Mutations

A weak demonic guardian rushes to your aid.


Message History

Your hobgoblin skeleton crumbles into dust!
Magic restored.
An iguana comes into view.
An iguana is nearby!
The iguana hisses angrily.
You hear a shout!
An ogre comes into view. It is wielding a +0 giant spiked club.
Casting: Necrotise (safe; 3% risk of failure)
Confirm with . or Enter, or press ? or * to list all spells.
Aiming: Necrotise (safe; 3% risk of failure)
Press: ? - help, Shift-Dir - straight line, f - iguana
Aim: an iguana (chance to affect: 85%)
The iguana writhes in agony.
Casting: Necrotise (safe; 3% risk of failure)
Confirm with . or Enter, or press ? or * to list all spells.
Aiming: Necrotise (safe; 3% risk of failure)
Press: ? - help, Shift-Dir - straight line, f/p - iguana
Aim: an iguana (lightly wounded, chance to affect: 85%)
The iguana writhes in agony.
The iguana closely misses you. The iguana attacks as it pursues you!
The iguana completely misses you.
Throw: 2 darts (atropa)
Press: ? - help, Q - select action, (/) - cycle Shift-Dir - straight line, f - ogre, p - iguana
Aim: an ogre, wielding a +0 giant spiked club (73% to hit, chance to blind on hit: 51%)
You throw an atropa-tipped dart.
The atropa-tipped dart barely misses the ogre.
The iguana closely misses you.
Casting: Necrotise (safe; 3% risk of failure)
Confirm with . or Enter, or press ? or * to list all spells.
You call upon the dead to rise.
The iguana misses you. The iguana closely misses you.
Casting: Animate Dead (extremely dangerous; 28% risk of failure)
Confirm with . or Enter, or press ? or * to list all spells.
Aiming: Necrotise (safe; 3% risk of failure)
Press: ? - help, Shift-Dir - straight line, f - iguana, p - ogre
Aim: an iguana (moderately wounded, chance to affect: 85%)
The iguana barely resists.
The ogre hits you with a +0 giant spiked club!!
Ouch! That really hurt!
* * * LOW HITPOINT WARNING * * *
A demonic guardian appears!
The iguana bites you!
You die...

# #.......##
#.........#
#........<..#
#..######....#
#.# ##.).# #.
#...######
#........# #
#......#... ..
#...@O.####.#.
#...5l........
#†.....#.....#
......#..........
.....####........
#.... #........
#.... .........
#.... .###.(....
#.. .. ......


You could see an ogre (ally target), an iguana and a friendly white imp
(summoned).

Vanquished Creatures
  An orc priest (D:3)
  3 adders
  4 dart slugs
  2 orcs (D:3)
  7 ball pythons
  8 bats
  2 endoplasms
  2 giant cockroaches
  3 goblins (D:2)
  4 hobgoblins
  6 quokkas
  2 frilled lizards (D:3)
  5 kobolds
  4 rats
53 creatures vanquished.

Vanquished Creatures (collateral kills)
  An orc (D:3)
  An endoplasm (D:2)
  A kobold (D:3)
  A ball python (D:3)
4 creatures vanquished.

Grand Total: 57 creatures vanquished

Notes
Turn   | Place    | Note
-------+----------+-------------------------------------------
     0 | D:1      | daniil the Demonspawn Necromancer began the quest for the
                  | Orb.
     0 | D:1      | Reached XP level 1. HP: 13/13 MP: 3/3
   312 | D:1      | Gained mutation: A weak demonic guardian rushes to your
                  | aid. [demonic ancestry]
   312 | D:1      | Reached XP level 2. HP: 15/19 MP: 0/5
   855 | D:2      | Learned a level 1 spell: Magic Dart
  1154 | D:2      | Reached XP level 3. HP: 24/24 MP: 3/6
  1394 | D:2      | Found Exar's Weapon Emporium.
  1821 | D:3      | Reached XP level 4. HP: 26/30 MP: 4/7
  1876 | D:3      | Found an ornate altar of the Wu Jian Council.
  1888 | D:3      | Found a shimmering blue altar of Sif Muna.
  1891 | D:3      | Found a hazy altar of Hepliaklqana.
  2099 | D:3      | Found Noges's Jewellery Shop.
  2149 | D:3      | Identified a scroll of acquirement
  2150 | D:3      | Acquired a +6 ring of dexterity
  2197 | D:3      | Found Fydiw's Jewellery Emporium.
  2268 | D:3      | Found Zesohomie's Weapon Boutique.
  2383 | D:3      | Reached skill level 5 in Necromancy
  2820 | D:4      | Learned a level 4 spell: Animate Dead
  2883 | D:4      | Noticed an ogre
  2894 | D:4      | Slain by an iguana

Illustrated notes

Levels and vault maps discovered:
D:1:      minmay_arrival_four_circles, layout_loops_ring
D:2:      layout_rooms, serial_shops, nicolae_shop_tiny_real_fake_doors
D:3:      layout_basic, minitemple, serial_shops, nicolae_shop_hallway_stairs,
          shop, shop_fountains, nicolae_figureground_pulse
D:4:      layout_rooms, lemuel_tele_altar, chei_slow_surprise,
          skrybe_limestone_x, dreamdust_wishing_well, uniq_edmund, uniq_natasha

Skill      XL: |  1  2  3  4 |
---------------+-------------+-----
Stealth        | 2 |  2.9
Dodging        | 2 |  2.7
Necromancy     | 5 |  5.1
Spellcasting   | |  2.9

Action                     |  1- 3 |  4- 6 || total
---------------------------+-------+-------++-------
  Melee: Short sword       |     4 |       ||     4
         Dagger            |       |     6 ||     6
  Throw: Dart              |       |     2 ||     2
   Cast: Necrotise         |    56 |    25 ||    81
         Magic Dart        |    13 |     4 ||    17
         Animate Dead      |       |     1 ||     1
    Use: Scroll            |     4 |     4 ||     8
 Armour: Robe              |     3 |       ||     3
         Leather armour    |    12 |     7 ||    19
  Dodge: Dodged            |    12 |     9 ||    21
